 Dungeon Crawl Stone Soup version 0.23.1 (webtiles) character file.

Game seed: 0

15577 esteth the Thaumaturge (level 12, -6/91 HPs)
             Began as a Gnoll Fire Elementalist on Mar 13, 2019.
             Was a High Priest of Okawaru.
             Killed by drain life
             ... invoked by a soul eater
              (20 damage)
             ... on level 1 of the Abyss on Mar 14, 2019.
             The game lasted 00:48:23 (17214 turns).

esteth the Thaumaturge (Gnoll Fire Elementalist)   Turns: 17214, Time: 00:48:25

Health: -6/91      AC: 12    Str: 12    XL:     12   Next: 28%
Magic:  3/24       EV: 18    Int: 22    God:    Okawaru [*****.]
Gold:   377        SH:  6    Dex: 15    Spells: 14/28 levels left

rFire    + . .     SeeInvis .   D - +5 trident (pain)
rCold    . . .     Gourm    .   F - +0 buckler
rNeg     . . .     Faith    .   w - +0 leather armour
rPois    .         Spirit   .   (no helmet)
rElec    .         Reflect  .   q - scarf {repulsion}
rCorr    +         Harm     .   j - +2 pair of gloves
MR       .....                  I - +0 pair of boots {run}
Stlth    ++++......             (no amulet)
HPRegen  0.25/turn              u - +1 ring of evasion
MPRegen  0.19/turn              C - ring of the Princeling {rCorr rF+}

@: lightly drained, repel missiles, quick
A: distributed training, fangs 1, icy blue scales 1, yellow scales 1, strong
nose
a: Heroism, Finesse, Renounce Religion


You were on level 1 of the Abyss.
You worshipped Okawaru.
Okawaru was extremely pleased with you.
You were not hungry.

You visited 3 branches of the dungeon, and saw 15 of its levels.
You visited the Abyss 1 time.

You collected 881 gold pieces.
You spent 504 gold pieces at shops.

Inventory:

Hand Weapons
 d - a +0 club
 f - a +1 whip
 D - a +5 trident of pain (weapon)
Missiles
 J - 42 arrows
 N - 81 bolts
 O - 67 sling bullets
Armour
 a - a +1 robe
 j - a +2 pair of gloves (worn)
 q - a scarf of repulsion (worn)
 t - a +3 scale mail
 w - a +0 leather armour (worn)
 F - a +0 buckler (worn)
 I - a +0 pair of boots of running (worn)
Magical Staves
 o - an uncursed staff of air
Jewellery
 u - a +1 ring of evasion (left hand)
 y - an uncursed ring of fire
 B - an uncursed ring of protection from cold
 C - the ring of the Princeling (right hand) {rCorr rF+}
   (You found it on level 10 of the Dungeon)

   [ring of resist corrosion]

   It protects you from fire.
 Q - an uncursed amulet of the gourmand
Wands
 e - a wand of digging (7)
 k - a wand of disintegration (16)
 n - a wand of random effects (61)
 v - a wand of enslavement (4)
 x - a wand of acid (8)
 L - a wand of iceblast (6)
Scrolls
 g - 4 scrolls of enchant armour
 h - a scroll of identify
 i - 3 scrolls of remove curse
 s - 4 scrolls of magic mapping
 H - a scroll of amnesia
 K - a scroll of fog
 M - a scroll of vulnerability
 P - a scroll of acquirement
 U - a scroll of enchant weapon
Potions
 b - a potion of flight
 l - a potion of mutation
 m - 2 potions of magic
 p - a potion of might
 z - 2 potions of agility {unknown}
 A - a potion of berserk rage {unknown}
 E - a potion of brilliance {unknown}
 T - a potion of degeneration {unknown}
Comestibles
 c - 18 rations


   Skills:
 + Level 7.0(6.5) Fighting
 + Level 7.0(6.5) Short Blades
 + Level 7.0(6.5) Long Blades
 + Level 7.0(6.5) Axes
 + Level 7.0(6.5) Maces & Flails
 + Level 7.0(6.5) Polearms
 + Level 7.0(6.5) Staves
 + Level 7.0(6.5) Slings
 + Level 7.0(6.5) Bows
 + Level 7.0(6.5) Crossbows
 + Level 7.0(6.5) Throwing
 + Level 7.0(6.5) Armour
 + Level 8.5(8.0) Dodging
 + Level 8.2(7.8) Stealth
 + Level 7.0(6.5) Shields
 + Level 7.0(6.5) Unarmed Combat
 + Level 8.7(8.2) Spellcasting
 + Level 6.2(5.8) Conjurations
 + Level 5.8(5.4) Hexes
 + Level 5.8(5.4) Charms
 + Level 5.8(5.4) Summonings
 + Level 5.8(5.4) Necromancy
 + Level 5.8(5.4) Translocations
 + Level 5.8(5.4) Transmutations
 + Level 8.1(7.6) Fire Magic
 + Level 5.8(5.4) Ice Magic
 + Level 5.8(5.4) Air Magic
 + Level 5.8(5.4) Earth Magic
 + Level 5.8(5.4) Poison Magic
 + Level 7.7(7.2) Invocations
 + Level 7.0(6.5) Evocations


You had 14 spell levels left.
You knew the following spells:

 Your Spells              Type           Power        Failure   Level  Hunger
a - Flame Tongue          Conj/Fire      #####        1%          1    None
b - Sticky Flame          Conj/Fire      #####...     5%          4    ###....
c - Conjure Flame         Conj/Fire      #####...     1%          3    None
d - Call Imp              Summ           ####....     1%          2    None
e - Summon Lightning Spi  Summ/Air       ####....     10%         4    ###....

Your spell library contained the following spells:

 Spells                   Type           Power        Failure   Level  Hunger
 Confusing Touch          Hex            ####..       1%          1    None
 Summon Small Mammal      Summ           ####         1%          1    None
 Throw Flame              Conj/Fire      #####.       1%          2    None
 Inner Flame              Hex/Fire       #####...     1%          3    None
 Dazzling Spray           Conj/Hex       ####..       2%          3    None
 Call Canine Familiar     Summ           ####....     3%          3    None
 Spectral Weapon          Hex/Chrm       ####....     3%          3    None
 Summon Guardian Golem    Hex/Summ       ####....     3%          3    None
 Summon Ice Beast         Ice/Summ       ####....     10%         4    ###....
 Fireball                 Conj/Fire      #####.....   16%         5    #####..
 Aura of Abjuration       Summ           ####......   26%         5    #####..
 Summon Forest            Summ/Tloc      ####......   26%         5    #####..


Dungeon Overview and Level Annotations

Branches:
Dungeon (11/15)            Temple (1/1) D:7            Lair (3/6) D:9
    Orc (0/2) D:11
  Swamp: Lair:2-4    Shoals: Lair:2-4     Snake: Lair:2-4    Spider: Lair:2-4

Altars:
Cheibriados
Dithmenos
Elyvilon
Fedhas
Kikubaaqudgha
Nemelex Xobeh
Okawaru
Ru
Sif Muna
Uskayaw
Vehumet
Wu Jian
Xom
Yredelemnul
Zin
The Shining One

Shops:
D:4 *   D:6 *   D:8 *!%   D:11 [

Annotations:
D:6 1 runed translucent door, ketsa's ghost, novice GnAM
Lair:3 Sonja


Innate Abilities, Weirdness & Mutations

Your experience applies equally to all skills.
You have very sharp teeth.
Your uncanny sense of smell can sniff out nearby items.
You are partially covered in icy blue scales. (AC +2)
You are partially covered in yellow scales. (AC +2)


Message History

The soul eater is moderately wounded.
You feel like a meek peon again. The soul eater closely misses you.
You block the spatial maelstrom's attack.
The spatial maelstrom hits you but does no damage.
Your lightning spire shoots out a bolt of lightning at the spatial maelstrom!
The bolt of electricity hits the spatial vortex.
The spatial vortex resists.
The bolt of electricity hits the soul eater.
The bolt of electricity hits the spatial maelstrom.
The spatial maelstrom resists.
The bolt of electricity hits the spatial maelstrom.
The spatial maelstrom resists.
You hit the soul eater but do no damage.
You bite the soul eater, but do no damage.
The soul eater is moderately wounded.
The spatial maelstrom hits you but does no damage.
The spatial maelstrom barely misses you.
The soul eater draws from the surrounding life force!
You die...

∆ ###
##.####
#v..)@#
#...3v#
#..8..#.#
#.....###
###....
.#. ###.
. + ##. .
.


You could see a spatial maelstrom, a soul eater, a spatial vortex and a friendly
lightning spire.

Vanquished Creatures
  Harold (D:7)
  An ugly thing (D:11)
  A black mamba (Lair:3)
  An elephant (D:9)
  6 spiny frogs
  A hornet (D:9)
  3 blink frogs (Lair:2)
  4 hippogriffs
  Sigmund (D:2)
  19 yaks
  A wraith (D:10)
  A wyvern (D:10)
  A hungry ghost (D:6)
  4 water moccasins
  2 porcupines
  4 orc warriors
  2 ice beasts
  2 sky beasts
  2 phantoms
  4 ogres (D:9)
  14 wolves (Lair:2)
  3 centaurs
  6 crocodiles
  A big kobold (D:9)
  11 bullfrogs
  A wyvern zombie (D:9)
  5 scorpions
  A water moccasin skeleton (D:5)
  3 howler monkeys
  8 wights
  3 electric eels (D:9)
  A crimson imp (D:11)
  A jelly (D:9)
  2 centaur skeletons
  A centaur zombie (D:9)
  9 orc priests
  3 hounds
  3 bullfrog skeletons
  Natasha (thrice) (D:2)
  3 orc wizards
  8 worker ants
  A hound skeleton (D:6)
  11 gnolls
  13 adders
  2 oozes
  An adder skeleton (D:9)
  A worm (D:3)
  A leopard gecko (D:8)
  36 orcs
  9 giant cockroaches
  5 goblins
  5 hobgoblins
  22 jackals
  2 quokkas
  5 bats
  9 frilled lizards
  13 kobolds
  6 rats
293 creatures vanquished.

Vanquished Creatures (collateral kills)
  A two-headed ogre (D:10)
  A rime drake (Lair:3)
  An ogre (D:7)
  A wolf (Lair:2)
  A bullfrog (D:10)
  2 howler monkeys (D:10)
  2 crimson imps
  A centaur skeleton (D:7)
10 creatures vanquished.

Vanquished Creatures (others)
  An orc (D:5)
  A fungus (Lair:3)
2 creatures vanquished.

Grand Total: 305 creatures vanquished

Notes
Turn   | Place    | Note
-------+----------+-------------------------------------------
     0 | D:1      | esteth the Gnoll Fire Elementalist began the quest for the
                  | Orb.
     0 | D:1      | Reached XP level 1. HP: 13/13 MP: 6/6
   123 | D:1      | Reached XP level 2. HP: 19/19 MP: 0/7
   539 | D:1      | Reached XP level 3. HP: 24/25 MP: 7/9
   551 | D:1      | Found a shimmering altar of Xom.
   618 | D:1      | Reached skill level 5 in Spellcasting
  1132 | D:2      | Reached skill level 1 in Invocations
  1263 | D:2      | Noticed Natasha
  1272 | D:2      | Killed Natasha
  1272 | D:2      | Reached skill level 1 in Fighting
  1272 | D:2      | Reached skill level 1 in Short Blades
  1272 | D:2      | Reached skill level 1 in Long Blades
  1272 | D:2      | Reached skill level 1 in Axes
  1272 | D:2      | Reached skill level 1 in Maces & Flails
  1272 | D:2      | Reached skill level 1 in Polearms
  1272 | D:2      | Reached skill level 1 in Staves
  1272 | D:2      | Reached skill level 1 in Slings
  1272 | D:2      | Reached skill level 1 in Bows
  1272 | D:2      | Reached skill level 1 in Crossbows
  1272 | D:2      | Reached skill level 1 in Throwing
  1272 | D:2      | Reached skill level 1 in Armour
  1272 | D:2      | Reached skill level 1 in Shields
  1272 | D:2      | Reached skill level 1 in Unarmed Combat
  1272 | D:2      | Reached skill level 1 in Evocations
  1272 | D:2      | Reached XP level 4. HP: 32/32 MP: 4/11
  1400 | D:2      | Reached skill level 1 in Hexes
  1400 | D:2      | Reached skill level 1 in Charms
  1400 | D:2      | Reached skill level 1 in Summonings
  1400 | D:2      | Reached skill level 1 in Necromancy
  1400 | D:2      | Reached skill level 1 in Translocations
  1400 | D:2      | Reached skill level 1 in Transmutations
  1400 | D:2      | Reached skill level 1 in Ice Magic
  1400 | D:2      | Reached skill level 1 in Air Magic
  1400 | D:2      | Reached skill level 1 in Earth Magic
  1400 | D:2      | Reached skill level 1 in Poison Magic
  1403 | D:2      | Found a sacrificial altar of Ru.
  1405 | D:2      | Noticed Sigmund
  1414 | D:2      | Killed Sigmund
  1414 | D:2      | Reached XP level 5. HP: 27/38 MP: 5/12
  1414 | D:2      | Reached XP level 6. HP: 32/44 MP: 5/13
  1742 | D:2      | Reached skill level 5 in Dodging
  1904 | D:2      | Noticed Natasha
  1906 | D:2      | Killed Natasha
  1996 | D:2      | Noticed Natasha
  2002 | D:2      | Killed Natasha
  2281 | D:3      | Learned a level 4 spell: Sticky Flame
  2285 | D:3      | Learned a level 3 spell: Conjure Flame
  2326 | D:3      | Reached XP level 7. HP: 47/50 MP: 7/15
  3027 | D:3      | You fall through a shaft for 3 floors!
  3027 | D:6      | Found Uscheise's General Store.
  3135 | D:5      | Entered Level 5 of the Dungeon
  3374 | D:5      | Reached skill level 5 in Stealth
  3473 | D:6      | Reached XP level 8. HP: 43/57 MP: 10/16
  3670 | D:4      | Found an ancient bone altar of Kikubaaqudgha.
  4166 | D:4      | Found Noipsup's General Store.
  5340 | D:5      | Learned a level 2 spell: Call Imp
  5948 | D:6      | Found a runed translucent door.
  5948 | D:6      | Noticed ketsa's ghost (novice GnAM)
  6439 | D:6      | Found a sparkling altar of Nemelex Xobeh.
  6944 | D:7      | Found a staircase to the Ecumenical Temple.
  7048 | D:7      | Reached XP level 9. HP: 59/65 MP: 9/18
  7233 | D:7      | Identified the Papyrus of Companions and Beguiling
  7489 | D:7      | Noticed Harold
  7539 | D:7      | Killed Harold
  7817 | D:7      | Found a white marble altar of Elyvilon.
  7986 | D:7      | Reached skill level 5 in Invocations
  8398 | D:8      | Found Umacing's Food Shoppe.
  8743 | D:8      | Found Veiloatt's Distillery.
  8798 | D:8      | Reached XP level 10. HP: 68/73 MP: 15/20
  9406 | D:8      | Found Seuc's General Store.
  9451 | Temple   | Entered the Ecumenical Temple
  9520 | Temple   | Became a worshipper of Warmaster Okawaru
  9647 | D:9      | Reached skill level 5 in Fighting
  9647 | D:9      | Reached skill level 5 in Short Blades
  9647 | D:9      | Reached skill level 5 in Long Blades
  9647 | D:9      | Reached skill level 5 in Axes
  9647 | D:9      | Reached skill level 5 in Maces & Flails
  9647 | D:9      | Reached skill level 5 in Polearms
  9647 | D:9      | Reached skill level 5 in Staves
  9647 | D:9      | Reached skill level 5 in Slings
  9647 | D:9      | Reached skill level 5 in Bows
  9647 | D:9      | Reached skill level 5 in Crossbows
  9647 | D:9      | Reached skill level 5 in Throwing
  9647 | D:9      | Reached skill level 5 in Armour
  9647 | D:9      | Reached skill level 5 in Shields
  9647 | D:9      | Reached skill level 5 in Unarmed Combat
  9647 | D:9      | Reached skill level 5 in Evocations
  9658 | D:9      | Reached * piety under Okawaru
  9951 | D:9      | Found a staircase to the Lair.
  9951 | D:9      | Noticed an elephant
 10054 | D:9      | Killed an elephant
 10054 | D:9      | Reached skill level 5 in Conjurations
 10057 | D:9      | Reached ** piety under Okawaru
 10362 | D:9      | Paralysed by a hornet for 2 turns
 10364 | D:9      | HP: 3/74 [centaur zombie (5)]
 10520 | D:9      | Found a snail-covered altar of Cheibriados.
 10809 | D:9      | Reached XP level 11. HP: 81/81 MP: 20/22
 11252 | D:10     | Entered Level 10 of the Dungeon
 11443 | D:10     | Got a brightly glowing amber ring
 11444 | D:10     | Identified the ring of the Princeling {rCorr rF+} (You
                  | found it on level 10 of the Dungeon)
 11554 | D:10     | Learned a level 4 spell: Summon Lightning Spire
 11569 | D:10     | Noticed a two-headed ogre
 11569 | D:10     | Reached *** piety under Okawaru
 11581 | D:10     | Killed a two-headed ogre
 12111 | D:10     | Reached skill level 5 in Hexes
 12111 | D:10     | Reached skill level 5 in Charms
 12111 | D:10     | Reached skill level 5 in Summonings
 12111 | D:10     | Reached skill level 5 in Necromancy
 12111 | D:10     | Reached skill level 5 in Translocations
 12111 | D:10     | Reached skill level 5 in Transmutations
 12111 | D:10     | Reached skill level 5 in Ice Magic
 12111 | D:10     | Reached skill level 5 in Air Magic
 12111 | D:10     | Reached skill level 5 in Earth Magic
 12111 | D:10     | Reached skill level 5 in Poison Magic
 12295 | D:10     | Received a gift from Okawaru
 12764 | D:11     | Noticed a green ugly thing
 12796 | D:11     | Killed a green ugly thing
 12796 | D:11     | Reached **** piety under Okawaru
 12965 | D:11     | Found Heplaudgh's Armour Shop.
 12965 | D:11     | Found a staircase to the Orcish Mines.
 12998 | D:11     | Bought a +0 pair of boots of running for 504 gold pieces
 13050 | D:11     | Noticed a brown ugly thing
 13132 | Lair:1   | Entered Level 1 of the Lair of Beasts
 13520 | Lair:1   | Received a gift from Okawaru
 15126 | Lair:2   | Reached ***** piety under Okawaru
 15126 | Lair:2   | Received a gift from Okawaru
 15384 | Lair:2   | Reached XP level 12. HP: 87/89 MP: 14/24
 16005 | Lair:2   | Received a gift from Okawaru
 16932 | Lair:3   | Noticed Sonja
 16946 | Lair:3   | Received a gift from Okawaru
 16948 | Lair:3   | Identified a scroll of acquirement
 16951 | Lair:3   | Gained mutation: You are partially covered in yellow
                  | scales. (AC +2) [potion of mutation]
 16951 | Lair:3   | Gained mutation: You are partially covered in icy blue
                  | scales. (AC +2) [potion of mutation]
 17034 | Lair:3   | Cast into level 1 of the Abyss (Sonja)
 17109 | Abyss:1  | Noticed a soul eater
 17214 | Abyss:1  | Killed from afar by a soul eater

Skill      XL: |  1  2  3  4  5  6  7  8  9 10 11 12 |
---------------+-------------------------------------+-----
Conjurations   | 2 3 4 5 6 |  6.2
Spellcasting   | 5 6 7 8 |  8.7
Invocations    | 1 2 3 4 5 6 7 |  7.7
Fighting       | 1 2 3 4 5 6 7 |  7.0
Short Blades   | 1 2 3 4 5 6 7 |  7.0
Long Blades    | 1 2 3 4 5 6 7 |  7.0
Axes           | 1 2 3 4 5 6 7 |  7.0
Maces & Flails | 1 2 3 4 5 6 7 |  7.0
Polearms       | 1 2 3 4 5 6 7 |  7.0
Staves         | 1 2 3 4 5 6 7 |  7.0
Slings         | 1 2 3 4 5 6 7 |  7.0
Bows           | 1 2 3 4 5 6 7 |  7.0
Crossbows      | 1 2 3 4 5 6 7 |  7.0
Throwing       | 1 2 3 4 5 6 7 |  7.0
Armour         | 1 2 3 4 5 6 7 |  7.0
Shields        | 1 2 3 4 5 6 7 |  7.0
Unarmed Combat | 1 2 3 4 5 6 7 |  7.0
Evocations     | 1 2 3 4 5 6 7 |  7.0
Hexes          | 1 2 3 4 5 |  5.8
Charms         | 1 2 3 4 5 |  5.8
Summonings     | 1 2 3 4 5 |  5.8
Necromancy     | 1 2 3 4 5 |  5.8
Translocations | 1 2 3 4 5 |  5.8
Transmutations | 1 2 3 4 5 |  5.8
Ice Magic      | 1 2 3 4 5 |  5.8
Air Magic      | 1 2 3 4 5 |  5.8
Earth Magic    | 1 2 3 4 5 |  5.8
Poison Magic   | 1 2 3 4 5 |  5.8
Dodging        | 5 6 7 8 |  8.5
Stealth        | 5 6 7 8 |  8.2
Fire Magic     | 6 7 8 |  8.1

Action                   |  1- 3 |  4- 6 |  7- 9 | 10-12 || total
-------------------------+-------+-------+-------+-------++-------
Melee: Whip              |    27 |    52 |   209 |       ||   288
       Club              |     1 |       |       |       ||     1
       Bite              |     4 |     4 |    14 |    20 ||    42
       Punch             |       |       |     4 |     2 ||     6
       Trident           |       |       |    57 |   336 ||   393
 Cast: Flame Tongue      |    35 |    54 |   217 |   159 ||   465
       Sticky Flame      |       |       |    15 |    57 ||    72
       Call Imp          |       |       |    14 |     2 ||    16
       Conjure Flame     |       |       |     8 |    14 ||    22
       Summon Lightning  |       |       |       |     9 ||     9
Invok: Heroism           |       |       |       |     2 ||     2
  Use: Scroll            |       |     7 |     9 |    12 ||    28
       Potion            |       |       |     4 |    12 ||    16
 Stab: Sleeping          |     1 |     1 |     4 |     8 ||    14
  Eat: Chunk             |     1 |     3 |    16 |    24 ||    44
       Ration            |       |       |     2 |     3 ||     5
Armor: Robe              |    10 |    21 |    54 |       ||    85
       Skin              |       |       |    13 |       ||    13
       Leather armour    |       |       |    15 |    66 ||    81
Dodge: Dodged            |    26 |    71 |   230 |   283 ||   610
       Deflected         |       |       |       |     3 ||     3
Block: Buckler           |       |       |       |    80 ||    80
